 Dungeon Crawl Stone Soup version 0.30-b1-2-g02819fbbbe (webtiles) character file.

Game seed: 11740797523159146144

2384 Chingon the Cleaver (level 9, -2/70 HPs)
             Began as a Minotaur Fighter on May 20, 2023.
             Was a Follower of the Shining One.
             Slain by an orc warrior
             ... wielding a +0 glaive
              (20 damage)
             ... on level 7 of the Dungeon.
             The game lasted 00:08:05 (5720 turns).

Chingon the Cleaver (Minotaur Fighter)              Turns: 5720, Time: 00:08:06

Health: -2/70      AC: 10    Str: 29    XL:     9   Next: 22%
Magic:  13/13      EV:  8    Int:  5    God:    the Shining One [*.....]
Gold:   233        SH:  5    Dex: 16    Spells: 8/8 levels left

rFire   + + .        b - +10 short sword of the Grand God {speed, rF++ Str+4}
rCold   . . .        c - +0 buckler
rNeg    . . .        m - +0 chain mail
rPois   +            (helmet restricted)
rElec   .            r - +0 cloak
rCorr   .            (no gloves)
SInv    .            (no boots)
Will    .....        (no amulet) Stlth
                     u - ring of poison resistance
HPRegen 0.31/turn    y - +6 ring of dexterity
MPRegen 0.13/turn

%: no passive effects
@: glowing
A: horns 2, retaliatory headbutt
a: Renounce Religion, Divine Shield


You were on level 7 of the Dungeon.
You worshipped the Shining One.
The Shining One was aware of your devotion.
You visited 2 branches of the dungeon, and saw 8 of its levels.

You collected 233 gold pieces.

Inventory:

Hand Weapons
 a - a +0 war axe
 b - the +10 short sword of the Grand God (weapon) {speed, rF++ Str+4}
   (You found it on level 2 of the Dungeon)

   Str:       It affects your strength (+4).
   rF:        It greatly protects you from fire.
 p - the +6 hammer of Starshine {flame, rF+ rN+ Will+ Int-4}
   (You found it on level 2 of the Dungeon)

   Int:       It affects your intelligence (-4).
   rF:        It protects you from fire.
   rN:        It protects you from negative energy.
   Will:      It increases your willpower.
Armour
 c - a +0 buckler (worn)
 m - a +0 chain mail (worn)
 r - a +0 cloak (worn)
Jewellery
 u - a ring of poison resistance (left hand)
 y - a +6 ring of dexterity (right hand)
Wands
 s - a wand of digging (5)
 x - a wand of polymorph (7)
 B - a wand of flame (21)
 F - a wand of charming (10)
Scrolls
 e - 6 scrolls of identify {unknown}
 g - 5 scrolls of teleportation {unknown}
 h - a scroll of fear {unknown}
 k - a scroll of brand weapon {unknown}
 o - a scroll of vulnerability {unknown}
 t - a scroll of enchant armour {unknown}
 v - a scroll of magic mapping {unknown}
 w - 2 scrolls of enchant weapon {unknown}
 z - a scroll of torment {unknown}
 A - a scroll of blinking {unknown}
 C - a scroll of noise {unknown}
 E - a scroll of immolation {unknown}
Potions
 d - 3 potions of might
 f - 2 potions of mutation {unknown}
 i - a potion of ambrosia {unknown}
 j - 2 potions of magic {unknown}
 l - 3 potions of curing
 n - a potion of brilliance {unknown}
 q - a potion of flight {unknown}
 D - 2 potions of haste {unknown}


   Skills:
 - Level 3.6 Fighting
 + Level 12.0 Axes
 - Level 3.6 Armour
 - Level 3.6 Shields
 + Level 7.3 Invocations


You had 8 spell levels left.
You didn't know any spells.
Your spell library contained the following spells:

 Spells                   Type           Power      Damage    Failure   Level
 Apportation              Tloc           0%         N/A       95%         1
 Freeze                   Ice            0%         1d3       95%         1
 Frozen Ramparts          Ice            0%         1d1       100%        3
 Hailstorm                Conj/Ice       0%         3d3       100%        3
 Alistair's Intoxication  Tmut/Pois      0%         N/A       100%        5


Dungeon Overview and Level Annotations

Branches:
Dungeon (7/15)             Temple (1/1) D:4

Altars:
Cheibriados
Dithmenos
Fedhas
Gozag
Hepliaklqana
Makhleb
Nemelex Xobeh
Qazlal
Ru
Sif Muna
Trog
Vehumet
Wu Jian
Xom
Yredelemnul
Zin
The Shining One

Shops:
D:5 *


Innate Abilities, Weirdness & Mutations

You have a pair of horns on your head.
You reflexively headbutt those who attack you in melee.


Message History

An orc comes into view.
It is wielding a +2 short sword of protection.
You puncture the orc!
You kill the orc!
The orc warrior unwields a +0 glaive.
The orc warrior wields a +0 arbalest.
The orc warrior shoots a bolt.
The bolt hits you!
The orc shouts!
The orc warrior shoots a bolt.
The bolt closely misses you.
Things that are here:
a +0 war axe; a +0 ring mail; an orc corpse The orc barely misses you.
The orc warrior unwields a +0 arbalest.
The orc warrior wields a +0 glaive.
The orc warrior hits you with a +0 glaive!
You hit the orc warrior but do no damage.
You headbutt the orc warrior.
The orc warrior is lightly wounded.
You block the orc's attack.
An ice beast comes into view.
You hit the orc warrior.
The orc warrior is moderately wounded.
The orc warrior barely misses you. You furiously retaliate!
You headbutt the orc warrior. You hit the orc warrior.
You headbutt the orc warrior.
The orc warrior is heavily wounded.
You block the orc warrior's attack.
You barely miss the orc warrior.
The orc warrior is heavily wounded.
The orc hits you with a +2 short sword of protection.
You hit the orc warrior but do no damage.
Your headbutt misses the orc warrior.
The orc warrior is heavily wounded.
The orc warrior hits you with a +0 glaive!
You are too injured to fight recklessly!
You are too injured to fight recklessly!
The orc warrior attacks as you move away!
The orc warrior hits you with a +0 glaive.
The orc hits you but does no damage.
The orc warrior hits you from afar with a +0 glaive!
* * * LOW HITPOINT WARNING * * *
The orc warrior hits you from afar with a +0 glaive!!
You die...

##.#.#.#.#.#.#.#.#.#.#.
#......................
##.#.#.#.#.#.#.#.#.#.## o
#.....................#
o...####.#.#.#.#.#<#.#.#.#.#.
........Y..)...........#.##..
..........o..................
...........oo.....#....#.##..
..#.##.#...#@####.#....).##..
... #.#...#.# #.##.#.>.....
## #.#...#.# #.#...†.#####
#.#...#.# #.......#####
#.#...#.# ##.........##
......# #......##.## ...
##...#...... #.# ########.#.
#...


You could see an orc warrior, an ice beast and 2 orcs.

Vanquished Creatures
  A hornet (D:7)
  Grinder (D:5)
  A wyvern (D:7)
  A water moccasin (D:7)
  2 black bears
  5 ogres
  A phantom (D:5)
  A kobold brigand (D:6)
  3 scorpions
  A howler monkey (D:7)
  Crazy Yiuf (D:2)
  3 orc priests (D:5)
  3 hounds
  2 jellies
  4 sleepcaps
  Terence (D:2)
  Ijyb (D:3)
  Natasha (twice) (D:3)
  3 iguanas
  2 orc wizards (D:5)
  7 adders
  A shadow imp (D:6)
  2 white imps (D:6)
  A worm (D:2)
  3 dart slugs
  21 orcs
  4 ball pythons
  5 endoplasms
  9 goblins
  7 hobgoblins
  15 kobolds
  2 quokkas (D:5)
  5 bats
  2 frilled lizards (D:2)
  5 rats
128 creatures vanquished.

Notes
Turn   | Place    | Note
-------+----------+-------------------------------------------
     0 | D:1      | Chingon the Minotaur Fighter began the quest for the Orb.
     0 | D:1      | Reached XP level 1. HP: 19/19 MP: 0/0
    64 | D:1      | Reached skill level 3 in Axes
   127 | D:1      | Found a faded altar of an unknown god.
   142 | D:1      | Reached XP level 2. HP: 24/26 MP: 1/1
   910 | D:2      | Reached skill level 4 in Axes
  1003 | D:2      | Reached XP level 3. HP: 31/31 MP: 2/2
  1140 | D:2      | Found a basalt altar of Yredelemnul.
  1143 | D:2      | Identified the +10 short sword of the Grand God {speed,
                  | rF++ Str+4}
  1231 | D:2      | Reached skill level 5 in Axes
  1246 | D:2      | Noticed Terence
  1250 | D:2      | Killed Terence
  1251 | D:2      | Reached XP level 4. HP: 39/39 MP: 3/3
  1365 | D:2      | Found a runed translucent door.
  1373 | D:2      | Identified the +6 hammer of Starshine {flame, rF+ rN+ Will+
                  | Int-4}
  1376 | D:2      | Identified the +1 hammer of Gukoump {flame, *Slow rElec
                  | Str+4}
  1398 | D:2      | Noticed Crazy Yiuf
  1405 | D:2      | Killed Crazy Yiuf
  1406 | D:2      | Reached skill level 6 in Axes
  1589 | D:3      | Reached XP level 5. HP: 45/45 MP: 4/4
  1625 | D:3      | Noticed Natasha
  1682 | D:3      | Killed Natasha
  1891 | D:3      | Noticed Ijyb
  1904 | D:3      | Killed Ijyb
  1905 | D:3      | Reached skill level 7 in Axes
  2093 | D:3      | Noticed Natasha
  2105 | D:3      | Killed Natasha
  2400 | D:4      | Reached XP level 6. HP: 47/51 MP: 5/5
  2437 | D:4      | Reached skill level 8 in Axes
  2438 | D:4      | Found a burning altar of Makhleb.
  2438 | D:4      | Identified the +1 whip of Ravage {heavy, Int+3}
  2554 | D:4      | Noticed a blizzard demon
  2556 | D:4      | Found a glowing silver altar of Zin.
  2557 | D:4      | Noticed an angel
  2569 | D:4      | Found a staircase to the Ecumenical Temple.
  2586 | Temple   | Entered the Ecumenical Temple
  2627 | Temple   | Became a worshipper of the Shining One
  2808 | D:4      | Reached skill level 1 in Invocations
  3027 | D:4      | Found a hazy altar of Hepliaklqana.
  3200 | D:5      | Entered Level 5 of the Dungeon
  3200 | D:5      | Found Gusane's Assorted Antiques.
  3216 | D:5      | Reached XP level 7. HP: 7/57 MP: 7/7
  3396 | D:5      | Reached skill level 9 in Axes
  4064 | D:5      | Noticed Grinder
  4073 | D:5      | Killed Grinder
  4073 | D:5      | Reached * piety under the Shining One
  4074 | D:5      | Reached skill level 10 in Axes
  4074 | D:5      | Reached XP level 8. HP: 46/64 MP: 10/10
  4165 | D:5      | Reached skill level 5 in Invocations
  4706 | D:6      | Reached skill level 11 in Axes
  5290 | D:7      | Reached XP level 9. HP: 70/70 MP: 13/13
  5408 | D:7      | Paralysed by a hornet for 1 turns
  5425 | D:7      | Reached skill level 12 in Axes
  5720 | D:7      | Slain by an orc warrior

Illustrated notes

Levels and vault maps discovered:
D:1:      nicolae_arrival_memento_mori, layout_loops_corners,
          hellmonk_ecumenical_altar_run_dry
D:2:      layout_rooms, basic_altar, uniq_terence, uniq_crazy_yiuf_cottage
D:3:      wander_river, layout_loops_ring, uniq_natasha, uniq_ijyb
D:4:      layout_basic, grunt_temple_overflow_order_and_chaos_2,
          lemuel_round_altar, temple_pool_b
D:5:      layout_basic, serial_shops, nicolae_shop_window_shopping, uniq_grinder
D:6:      layout_basic
D:7:      layout_loops_cross, nicolae_concentric_dashed_squares_mild,
          st_stairs_13
Temple:   nicolae_temple_god_jail

Skill      XL: |  1  2  3  4  5  6  7  8  9 |
---------------+----------------------------+-----
Axes           | 3 4 5 6 7 8 10 11 12 | 12.0
Invocations    | 2 4 6 7 |  7.3
Fighting       | |  3.6
Armour         | |  3.6
Shields        | |  3.6

Action                     |  1- 3 |  4- 6 |  7- 9 || total
---------------------------+-------+-------+-------++-------
  Melee: War axe           |    49 |       |       ||    49
         Headbutt          |    10 |    18 |    36 ||    64
         Short sword       |     8 |   120 |   157 ||   285
 Invoke: Divine Shield     |       |       |     1 ||     1
 Armour: Scale mail        |    10 |       |       ||    10
         Chain mail        |    10 |    44 |    43 ||    97
  Dodge: Dodged            |    19 |    36 |    40 ||    95
  Block: Buckler           |    13 |    20 |    27 ||    60
